cohdb
Replays
Latest Replays
All Replays
Popular Replays
Top Player Replays
Match Explorer
How It Works
Community
CoH3 Stats
Reddit
Sign in to upload your games and track your stats! →
Sign in with Steam
Match 28217459
Unlisted
Match 28217459
Overview
Messages
Build Orders
End
Construct Barracks
1⁄4-ton 4x4 Truck
1⁄4-ton 4x4 Truck
Riflemen Squad
Riflemen Squad
Mechanized Support Center
Engineer Squad
Selects Advanced Infantry Battlegroup
Selects Advanced Infantry Battlegroup
Selects Convert to Ranger Squad
Construct Motor Pool
Selects Frontline Medical Station
Frontline Medical Station
M1 Anti-tank Gun Team
.30 cal Machine Gun
Selects Ammunition Storage
M1 Anti-tank Gun Team
M24 Chaffee Light Tank
M24 Chaffee Light Tank
M24 Chaffee Light Tank
Selects Infantry Assault
Infantry Assault
M24 Chaffee Light Tank
M24 Chaffee Light Tank
Selects M2A1 105mm Howitzer Emplacement
Selects 155mm Rapid Artillery Barrage
155mm Rapid Artillery Barrage
Riflemen Squad
Riflemen Squad
Convert to Ranger Squad
155mm Rapid Artillery Barrage
AI Takeover
china天津饭
Prinsieee
iAinEng
Akaxiya
Coolbrou
1º Fallschirm Pz Div ✠
padak@@@
Yaas
0
0
Comments
sign in to comment!
No comments posted yet!